 Dungeon Crawl Stone Soup version 0.21-a0-38-g95c5c02 (webtiles) character file.

122 HAL9000 the Changer (level 4, -5/35 HPs)
             Began as a Draconian Transmuter on May 29, 2017.
             Slain by a bullfrog (9 damage)
             ... on level 2 of the Dungeon.
             The game lasted 00:05:57 (3228 turns).

HAL9000 the Changer (Draconian Transmuter)          Turns: 3228, Time: 00:05:57

Health: -5/35      AC:  5    Str: 13    XL:     4   Next: 78%
Magic:  1/7        EV: 12    Int: 14    God:
Gold:   93         SH:  0    Dex: 11    Spells: 1/7 levels left

rFire    . . .     SeeInvis .     - Unarmed
rCold    . . .     Gourm    .   (no shield)
rNeg     . . .     Faith    .   (armour unavailable)
rPois    .         Spirit   .   (helmet restricted)
rElec    .         Reflect  .   (no cloak)
rCorr    .         Harm     .   (no gloves)
MR       .....                  (no boots)
Stlth    +.........             (no amulet)
Regen    0.2/turn               (no ring)
MPRegen  0.1/turn               (no ring)

@: very slightly contaminated
A: unfitting armour, cold-blooded, AC +5
a: no special abilities


You were on level 2 of the Dungeon.
You were not hungry.

You visited 1 branch of the dungeon, and saw 3 of its levels.

You collected 93 gold pieces.

Inventory:

Missiles
 a - 71 arrows
Scrolls
 h - 2 scrolls of amnesia {unknown}
 i - a scroll of fear {unknown}
 l - 2 scrolls of teleportation {unknown}
 m - 4 scrolls of enchant weapon {unknown}
 p - a scroll of immolation {unknown}
 r - a scroll of recharging {unknown}
Potions
 d - a potion of lignification {unknown}
 f - 2 potions of heal wounds {unknown}
 k - a potion of cancellation {unknown}
 q - a potion of haste
Books
 b - a book of Changes

   Spells                             Type                      Level
   a - Beastly Appendage              Transmutation                1
   b - Sticks to Snakes               Transmutation                2
   c - Spider Form                    Transmutation/Poison         3
   d - Ice Form                       Ice/Transmutation            4
   e - Blade Hands                    Transmutation                5
Comestibles
 c - 4 bread rations
 j - 2 royal jellies
 n - a meat ration


   Skills:
 - Level 1.1 Fighting
 - Level 1.7 Dodging
 + Level 3.9 Unarmed Combat
 - Level 2.0 Spellcasting
 * Level 4.3 Transmutations


You had one spell level left.
You knew the following spells:

 Your Spells              Type           Power        Failure   Level  Hunger
a - Beastly Appendage     Tmut           ##....       4%          1    ##.....
b - Sticks to Snakes      Tmut           ##......     6%          2    ###....
c - Spider Form           Tmut/Pois      #.........   28%         3    ####...


Dungeon Overview and Level Annotations

Branches:
Dungeon (3/15)

Altars:


Innate Abilities, Weirdness & Mutations

Your plain brown scales are hard. (AC +5)
You cannot fit into any form of body armour.
You are cold-blooded and may be slowed by cold attacks.


Message History

Throwing (i - inventory):
e - a throwing net (quivered)
Press: ? - help, Shift-Dir - straight line, f - bullfrog
Aim: a bullfrog You throw a throwing net.
The throwing net closely misses the bullfrog.
The bullfrog hits you. The bullfrog closely misses you.
Unknown command.
Casting: Beastly Appendage
Confirm with . or Enter, or press ? or * to list all spells.
You miscast Spider Form.
You are very lightly contaminated with residual magic.
You smell something strange.
The bullfrog closely misses you. The bullfrog hits you.
* * * LOW HITPOINT WARNING * * *
Casting: Spider Form
Confirm with . or Enter, or press ? or * to list all spells.
You miscast Spider Form.
You feel mildly nauseous. The bullfrog hits you.
* * * LOW HITPOINT WARNING * * *
The bullfrog hits you!
You die...

#)#######..####..###.##
#.# #............# #.#
####..........#.# #.#
#......###..#.#.# #>#
#.###...........## #.#
#.# #............. #.#
#(# #...##..###.## #.#
#.# #...##........
#.####@###.))###.###.##
#......F>...(# #.# #.#
######.####..# #.# #.#
#.# #..###.# #.# #.#
#......###.## #.#
#............ #.#
#####.####### #.# #.# #
#.# #.# #


You could see a bullfrog.

Vanquished Creatures
  4 gnolls
  An adder (D:2)
  An ooze (D:2)
  A worm (D:2)
  3 dart slugs
  A leopard gecko (D:2)
  An orc (D:3)
  A giant cockroach (D:2)
  10 goblins
  2 hobgoblins
  6 jackals
  5 kobolds
  3 quokkas
  A ball python (D:3)
  6 bats
  3 frilled lizards
  4 rats
53 creatures vanquished.

Vanquished Creatures (collateral kills)
  An adder (D:2)
1 creature vanquished.

Grand Total: 54 creatures vanquished

Notes
Turn   | Place    | Note
-------+----------+-------------------------------------------
     0 | D:1      | HAL9000 the Draconian Transmuter began the quest for the Orb.
     0 | D:1      | Reached XP level 1. HP: 16/16 MP: 3/3
   128 | D:1      | Reached XP level 2. HP: 14/23 MP: 5/5
   538 | D:1      | You fall through a shaft!
   726 | D:1      | Learned a level 2 spell: Sticks to Snakes
   887 | D:2      | Reached skill level 3 in Transmutations
   892 | D:2      | Reached XP level 3. HP: 11/28 MP: 2/6
  1195 | D:2      | HP: 1/28 [worm (12)]
  2125 | D:2      | Learned a level 3 spell: Spider Form
  2179 | D:2      | Reached XP level 4. HP: 34/35 MP: 5/7
  2528 | D:1      | Reached skill level 4 in Transmutations
  2964 | D:3      | Noticed a bullfrog
  3228 | D:2      | Slain by a bullfrog

Vault maps used:
D:1:      dpeg_arrival_arbitrary_c, minmay_octomino_e4
D:2:      st_stairs_11
D:3:      overflow_temple_1_default, first_bread, minmay_misc_feat_more_columns,
          lemuel_statue_altar

Skill      XL: |  1  2  3  4 |
---------------+-------------+-----
Transmutations | 3 4 |  4.3
Fighting       | |  1.1
Dodging        | |  1.7
Unarmed Combat | |  3.9
Spellcasting   | |  2.0

Action                   |  1- 3 |  4- 6 || total
-------------------------+-------+-------++-------
Melee: Unarmed           |   150 |    55 ||   205
       Tailslap          |    12 |     3 ||    15
       Headbutt          |     7 |     2 ||     9
       Punch             |     2 |       ||     2
       Kick              |     6 |       ||     6
Throw: Throwing net      |       |     1 ||     1
 Cast: Beastly Appendage |    14 |     4 ||    18
       Sticks to Snakes  |     2 |     1 ||     3
       Spider Form       |       |     5 ||     5
 Stab: Sleeping          |     1 |       ||     1
  Eat: Chunk             |     4 |     5 ||     9
Armor: Skin              |    42 |    11 ||    53
Dodge: Dodged            |   109 |    49 ||   158
